 Dungeon Crawl Stone Soup version 0.23-a0-565-g3e74e4c (webtiles) character file.

501 MalarOregon the Insei (level 7, 0/51 HPs)
             Began as a Merfolk Transmuter on Dec 13, 2018.
             Was a Follower of Uskayaw.
             Succumbed to a worker ant's poison
             ... on level 4 of the Dungeon.
             The game lasted 00:10:07 (4290 turns).

MalarOregon the Insei (Merfolk Transmuter)          Turns: 4290, Time: 00:10:07

Health: 0/51       AC:  2    Str: 12    XL:     7   Next: 17%
Magic:  4/11       EV: 23    Int: 13    God:    Uskayaw [*.....]
Gold:   162        SH:  0    Dex: 19    Spells: 2/12 levels left

rFire    . . .     SeeInvis .     - Unarmed
rCold    . . .     Gourm    .   (shield currently unavailable)
rNeg     . . .     Faith    .   (armour currently unavailable)
rPois    x         Spirit   .   (helmet currently unavailable)
rElec    .         Reflect  .   (cloak currently unavailable)
rCorr    .         Harm     .   (gloves currently unavailable)
MR       .....                  (boots currently unavailable)
Stlth    ++........             (no amulet)
HPRegen  0.17/turn              (no ring)
MPRegen  0.12/turn              (no ring)

@: lethally poisoned (0 -> -9), spider-form (expiring), flying, very slightly
contaminated
A: tiny, (change form in water), (swift swim), (stealthy swim)
a: End Transformation, Stomp, Renounce Religion


You were on level 4 of the Dungeon.
You worshipped Uskayaw.
Uskayaw was noncommittal.
You were hungry.
You were a venomous arachnid creature.
You visited 1 branch of the dungeon, and saw 4 of its levels.

You collected 162 gold pieces.

Inventory:

Hand Weapons
 y - a +0 trident (melded)
   (You took it off an orc on level 2 of the Dungeon)
Missiles
 a - 60 arrows
 b - 3 steel tomahawks (quivered)
 x - a throwing net {!f}
Armour
 d - a +0 leather armour (melded)
   (You took it off an orc on level 2 of the Dungeon)
 s - a +1 cloak (melded)
   (You took it off Crazy Yiuf on level 2 of the Dungeon)
 C - a +2 helmet (melded)
   (You took it off Robin on level 3 of the Dungeon)
Jewellery
 j - an uncursed ring of fire {unknown}
   (You found it on level 1 of the Dungeon)
 m - an uncursed amulet of faith {unknown}
   (You found it on level 1 of the Dungeon)
Wands
 t - a wand of flame (32)
   (You took it off Natasha on level 3 of the Dungeon)
Scrolls
 c - a scroll of random uselessness {unknown}
 g - 2 scrolls of enchant weapon {unknown}
 h - a scroll of remove curse {unknown}
 i - 3 scrolls of identify {unknown}
 k - a scroll of blinking {unknown}
 o - a scroll of fear {unknown}
 w - 4 scrolls of amnesia {unknown}
Potions
 f - a potion of might {unknown}
 l - a potion of cancellation {unknown}
 p - a potion of mutation {unknown}
 q - 2 potions of agility {unknown}
 r - 2 potions of brilliance {unknown}
 u - 2 potions of flight
 v - a potion of berserk rage {unknown}
 z - a potion of curing {unknown}
 A - a potion of invisibility {unknown}
 B - a potion of magic {unknown}
Comestibles
 e - 7 rations {!d}
 n - 3 chunks of flesh


   Skills:
 + Level 2.9 Fighting
 + Level 4.2 Polearms
 + Level 1.7 Armour
 + Level 4.4 Dodging
 + Level 4.4 Unarmed Combat
 - Level 3.0 Spellcasting
 + Level 4.4 Transmutations


You had 2 spell levels left.
You knew the following spells:

 Your Spells              Type           Power        Failure   Level  Hunger
a - Beastly Appendage     Tmut           ##....       12%         1    #......
c - Ice Form              Ice/Tmut       #.......     85%         4    #####..
s - Sticks to Snakes      Tmut           ##......     17%         2    ###....
x - Spider Form           Tmut/Pois      #.........   50%         3    ###....

Your spell library contained the following spells:

 Spells                   Type           Power        Failure   Level  Hunger
 Blade Hands              Tmut           ##........   87%         5    ######.


Dungeon Overview and Level Annotations

Branches:
Dungeon (4/15)             Temple (0/1) D:4

Altars:
Dithmenos
Fedhas
Trog
Uskayaw
Yredelemnul


Message History

You stomp with the beat, sending a shockwave through the revelers around you!
You kill the orc!
You feel somewhat more hungry.
You can no longer stomp with the beat.
The ball python bites you.
* * * LOW HITPOINT WARNING * * *
The ball python closely misses you. The orc closely misses you.
The orc hits you with a +0 dagger.
* * * LOW HITPOINT WARNING * * *
The ball python closely misses you. The ball python grabs you.
* * * LOW HITPOINT WARNING * * *
The ball python constricts you.
You escape the ball python's grasp.
The orc completely misses you. The orc misses you.
You see here a +0 short sword.
You hit the worker ant but do no damage.
The worker ant barely misses you. The ball python misses you.
The ball python grabs you.
* * * LOW HITPOINT WARNING * * *
The ball python constricts you. The orc barely misses you. x2
The worker ant closely misses you.
Unknown command.
You hit the orc.
You kill the orc!
The ball python barely misses you.
* * * LOW HITPOINT WARNING * * *
The ball python constricts you. The orc closely misses you.
The ball python misses you. The ball python constricts you.
The worker ant misses you.
You hit the worker ant but do no damage.
The orc barely misses you. The ball python bites you.
* * * LOW HITPOINT WARNING * * *
The ball python constricts you. The worker ant bites you!
* * * LOW HITPOINT WARNING * * *
You escape the ball python's grasp.
Your transformation is almost over.
Found a stone staircase leading down.
Unknown command.
You hit the worker ant.
The worker ant is poisoned.
The worker ant closely misses you.
You can now stomp with the beat.
You hit the worker ant. The worker ant bites you.
* * * LOW HITPOINT WARNING * * *
You are lethally poisoned!
The worker ant poisons you!
Unknown command.
It was a potion of flight.
You feel very buoyant.
You fly up into the air.
You die...

............#..
...#...>...#......
..................
...#.......#......
..................
...#.#.#!#.#.....>
#......w........#
##.!.(.##s#
#.....<)ao#
#......)S.#
#.........#
##.$.###### ####


You could see a worm, a worker ant, an orc and a ball python.

Vanquished Creatures
  2 orc priests
  Crazy Yiuf (D:2)
  Jessica (D:3)
  An orc wizard (D:2)
  Terence (D:2)
  Natasha (thrice) (D:3)
  A hound zombie (D:2)
  Robin (D:3)
  5 gnolls
  9 adders
  An adder zombie (D:3)
  A worm (D:3)
  7 leopard geckos
  10 orcs
  4 giant cockroaches
  14 goblins
  4 hobgoblins
  9 jackals
  A quokka (D:3)
  2 ball pythons
  5 bats
  5 frilled lizards
  8 kobolds
  8 rats
  A fungus (D:2)
105 creatures vanquished.

Notes
Turn   | Place    | Note
-------+----------+-------------------------------------------
     0 | D:1      | MalarOregon the Merfolk Transmuter began the quest for the
                  | Orb.
     0 | D:1      | Reached XP level 1. HP: 15/15 MP: 3/3
    36 | D:1      | Reached XP level 2. HP: 10/21 MP: 3/5
   438 | D:1      | Reached XP level 3. HP: 23/26 MP: 6/6
   469 | D:1      | Reached skill level 1 in Polearms
   778 | D:2      | Reached XP level 4. HP: 22/33 MP: 7/7
   906 | D:2      | Learned a level 2 spell: Sticks to Snakes
   910 | D:2      | Learned a level 3 spell: Spider Form
  1183 | D:2      | Noticed Terence
  1202 | D:2      | Killed Terence
  1324 | D:2      | Reached skill level 1 in Armour
  1324 | D:2      | Reached XP level 5. HP: 29/38 MP: 4/8
  2291 | D:2      | Found a runed door.
  2323 | D:2      | Noticed Crazy Yiuf
  2334 | D:2      | Killed Crazy Yiuf
  2385 | D:3      | Reached XP level 6. HP: 40/44 MP: 10/10
  2402 | D:3      | Noticed Natasha
  2422 | D:3      | Killed Natasha
  2967 | D:3      | Noticed Natasha
  3249 | D:3      | Killed Natasha
  3321 | D:3      | Noticed Natasha
  3332 | D:3      | Killed Natasha
  3380 | D:3      | Found a basalt altar of Yredelemnul.
  3384 | D:3      | Found a shadowy altar of Dithmenos.
  3386 | D:3      | Found a blossoming altar of Fedhas.
  3390 | D:3      | Found a bloodstained altar of Trog.
  3390 | D:3      | Found a hide-covered altar of Uskayaw.
  3398 | D:3      | Became a worshipper of Uskayaw the Reveler
  3560 | D:3      | Reached * piety under Uskayaw
  3650 | D:3      | Noticed Robin
  3663 | D:3      | Killed Robin
  3665 | D:3      | Reached ** piety under Uskayaw
  3756 | D:3      | Reached XP level 7. HP: 51/51 MP: 11/11
  3758 | D:3      | Noticed Jessica
  3768 | D:3      | Killed Jessica
  3769 | D:3      | Reached *** piety under Uskayaw
  4074 | D:3      | Learned a level 4 spell: Ice Form
  4266 | D:4      | Found a staircase to the Ecumenical Temple.
  4289 | D:4      | HP: 1/51 [worker ant (6)]
  4290 | D:4      | Succumbed to a worker ant's poison

Vault maps used:
D:1:      dpeg_arrival_chambers_temple_mockup
D:2:      cheibrodos_helix_gallery, minmay_tetromino_t2,
          uniq_crazy_yiuf_cottage, uniq_terence
D:3:      minmay_chambers_of_twos, grunt_temple_overflow_open, first_ration,
          uniq_natasha, uniq_jessica, uniq_robin
D:4:      lemuel_crystal_altar, minmay_temple_entry_glass,
          minmay_goblin_kobold_house

Skill      XL: |  1  2  3  4  5  6 |
---------------+-------------------+-----
Dodging        | 3 4 |  4.4
Transmutations | 3 4 |  4.4
Polearms       | 1 2 3 4 |  4.2
Fighting       | 2 |  2.9
Armour         | 1 |  1.7
Unarmed Combat | 4 |  4.4
Spellcasting   | 3 |  3.0

Action                   |  1- 3 |  4- 6 |  7- 9 || total
-------------------------+-------+-------+-------++-------
Melee: Unarmed           |    14 |    71 |     8 ||    93
       Headbutt          |     4 |    15 |       ||    19
       Spear             |    81 |   141 |       ||   222
       Punch             |       |     2 |     1 ||     3
       Trident           |       |    29 |    58 ||    87
 Cast: Beastly Appendage |     5 |    14 |       ||    19
       Spider Form       |       |    10 |     2 ||    12
Invok: Stomp             |       |       |     1 ||     1
  Use: Potion            |       |       |     1 ||     1
 Stab: Invisible         |       |     1 |       ||     1
       Sleeping          |       |       |     1 ||     1
  Eat: Chunk             |       |    11 |     2 ||    13
Armor: Robe              |    11 |    18 |       ||    29
       Leather armour    |       |     6 |    13 ||    19
       Skin              |       |     1 |       ||     1
Dodge: Dodged            |    47 |   183 |    77 ||   307

Table legend:
 A = Non-vault XP
 B = Vault XP
 C = Vault XP percentage of total XP
 D = Non-vault monster count
 E = Vault monster count
 F = Vault count percentage of total count
                 A         B        C        D         E       F
            +---------+---------+-------+---------+---------+-------
      Total |     462 |     254 |  35.5 |      81 |      23 |  22.1
            +---------+---------+-------+---------+---------+-------
        D:1 |      56 |       0 |   0.0 |      19 |       0 |   0.0
        D:2 |     222 |     127 |  36.4 |      30 |       6 |  16.7
        D:3 |     175 |     127 |  42.1 |      29 |      17 |  37.0
        D:4 |       9 |       0 |   0.0 |       3 |       0 |   0.0
            +---------+---------+-------+---------+---------+-------
